PA
PUT-IN-BAY BC @ HAMMOND HERONS
06/18/2021
 
TOP OF THE 1ST
Put-In-Bay BC batting - Pitching for Hammond Herons : RHP David Gómez
Pitching: RHP David Gómez
Batting: LHB Arturo Rodríguez 0-0: Ball
1-0: Ball
2-0: Ball
3-0: Base on Balls
Batting: RHB Alfredo Martínez 0-0: Called Strike
0-1: Swinging Strike
0-2: Ball
1-2: Foul Ball, location: 2F
1-2: Strikes out swinging
Batting: RHB Eddie Davis 0-0: Ball
1-0: Called Strike
1-1: Swinging Strike
1-2: Fly out, F9 (Flyball, 89M)
Batting: RHB Quincy van Enk 0-0: Ball
1-0: Ball
2-0: Called Strike
2-1: Foul Ball, location: 2F
2-2: Foul Ball, location: 2F
2-2: Foul Ball, location: 2F
2-2: Ground out 1-3 (Groundball, 25)
Top of the 1st over - 0 run(s), 0 hit(s), 0 error(s), 1 left on base; Put-In-Bay 0 - Hammond 0
BOTTOM OF THE 1ST
Hammond Herons batting - Pitching for Put-In-Bay BC : RHP Eddie Kop
Pitching: RHP Eddie Kop
Batting: RHB Miguel Rodríguez 0-0: Foul Ball, location: 2F
0-1: Called Strike
0-2: Ball
1-2: Ground out 5-3 (Groundball, 56S)
Batting: RHB Jorge Reyes 0-0: Ball
1-0: Swinging Strike
1-1: Foul Ball, location: 2F
1-2: Ball
2-2: Ball
3-2: Foul Ball, location: 2F
3-2: Base on Balls
Batting: RHB António Guzmán 0-0: Ball
1-0: Ball
Jorge Reyes is caught stealing 2nd base
2-0: Called Strike
2-1: Ground out 4-3 (Groundball, 4M)
Bottom of the 1st over - 0 run(s), 0 hit(s), 0 error(s), 0 left on base; Put-In-Bay 0 - Hammond 0
TOP OF THE 2ND
Put-In-Bay BC batting - Pitching for Hammond Herons : RHP David Gómez
Batting: RHB Carlos Trujillo 0-0: Called Strike
0-1: Called Strike
0-2: Ball
1-2: Ball
2-2: Ball
3-2: Strikes out swinging
Batting: RHB Rocky Cantrell 0-0: Ball
1-0: Fly out, F7 (Flyball, 7LM)
Batting: RHB Ken Little 0-0: Called Strike
0-1: Ball
1-1: Ground out 6-3 (Groundball, 56)
Top of the 2nd over - 0 run(s), 0 hit(s), 0 error(s), 0 left on base; Put-In-Bay 0 - Hammond 0
BOTTOM OF THE 2ND
Hammond Herons batting - Pitching for Put-In-Bay BC : RHP Eddie Kop
Batting: LHB Joe Cashmore 0-0: Foul Ball, location: 2F
0-1: Ball
1-1: Foul Ball, location: 2F
1-2: Strikes out looking
Batting: RHB Matt Love 0-0: Ball
1-0: SINGLE (Groundball, 4M)
Batting: LHB Arturo Acevedo 0-0: Called Strike
0-1: Swinging Strike
0-2: Ball
1-2: Foul Ball, location: 2F
1-2: Grounds into double play, 6-4-3 (Groundball, 6M)
Bottom of the 2nd over - 0 run(s), 1 hit(s), 0 error(s), 0 left on base; Put-In-Bay 0 - Hammond 0
TOP OF THE 3RD
Put-In-Bay BC batting - Pitching for Hammond Herons : RHP David Gómez
Batting: RHB Félix De La Hoya 0-0: Ball
1-0: Swinging Strike
1-1: Swinging Strike
1-2: Strikes out swinging
Batting: RHB Jack Burton 0-0: Ground out 6-3 (Groundball, 6)
Batting: LHB Arturo Rodríguez 0-0: Ball
1-0: Foul Ball, location: 2F
1-1: Ball
2-1: Foul Ball, location: 2F
2-2: Ball
3-2: Ground out 4-3 (Groundball, 4)
Top of the 3rd over - 0 run(s), 0 hit(s), 0 error(s), 0 left on base; Put-In-Bay 0 - Hammond 0
BOTTOM OF THE 3RD
Hammond Herons batting - Pitching for Put-In-Bay BC : RHP Eddie Kop
Batting: RHB Sancho Romero 0-0: Ground out 6-3 (Groundball, 6)
Batting: RHB Jimmy Dawson 0-0: Ball
1-0: Swinging Strike
1-1: Ball
2-1: Called Strike
2-2: Foul Ball, location: 2F
2-2: Ball
3-2: Base on Balls
Batting: RHB Scott Zijm 0-0: SINGLE (Line Drive, 89S)
Jimmy Dawson to second
Batting: RHB Miguel Rodríguez 0-0: Ball
1-0: Called Strike
1-1: Foul Ball, location: 2F
1-2: Foul Ball, location: 2F
1-2: Ball
2-2: DOUBLE (Flyball, 89XD)
Jimmy Dawson scores
Scott Zijm to third
Batting: RHB Jorge Reyes 0-0: Ball
1-0: Ball
2-0: Foul Ball, location: 2F
2-1: Called Strike
2-2: Strikes out swinging
Batting: RHB António Guzmán 0-0: Ground out 1-3 (Groundball, 15)
Bottom of the 3rd over - 1 run(s), 2 hit(s), 0 error(s), 2 left on base; Put-In-Bay 0 - Hammond 1
TOP OF THE 4TH
Put-In-Bay BC batting - Pitching for Hammond Herons : RHP David Gómez
Batting: RHB Alfredo Martínez 0-0: Ball
1-0: Fly out, F9 (Flyball, 89M)
Batting: RHB Eddie Davis 0-0: Ball
1-0: Fly out, F8 (Flyball, 8LM)
Batting: RHB Quincy van Enk 0-0: Ball
1-0: Ball
2-0: Foul Ball, location: 2F
2-1: Swinging Strike
2-2: Strikes out swinging
Top of the 4th over - 0 run(s), 0 hit(s), 0 error(s), 0 left on base; Put-In-Bay 0 - Hammond 1
BOTTOM OF THE 4TH
Hammond Herons batting - Pitching for Put-In-Bay BC : RHP Eddie Kop
Batting: LHB Joe Cashmore 0-0: Ball
1-0: Fly out, F7 (Flyball, 78D)
Batting: RHB Matt Love 0-0: Called Strike
0-1: Ball
1-1: Foul Ball, location: 2F
1-2: Foul Ball, location: 2F
1-2: Strikes out looking
Batting: LHB Arturo Acevedo 0-0: Ball
1-0: Ball
2-0: Foul Ball, location: 2F
2-1: SINGLE (Line Drive, 56D)
Batting: RHB Sancho Romero 0-0: Ground out 4-3 (Groundball, 4)
Bottom of the 4th over - 0 run(s), 1 hit(s), 0 error(s), 1 left on base; Put-In-Bay 0 - Hammond 1
TOP OF THE 5TH
Put-In-Bay BC batting - Pitching for Hammond Herons : RHP David Gómez
Batting: RHB Carlos Trujillo 0-0: Fly out, F7 (Flyball, 78M)
Batting: RHB Rocky Cantrell 0-0: Ball
1-0: Called Strike
1-1: Ball
2-1: Swinging Strike
2-2: Ball
3-2: Base on Balls
Batting: RHB Ken Little 0-0: Called Strike
0-1: Called Strike
0-2: Foul Ball, location: 2F
0-2: Ball
1-2: Ball
2-2: Strikes out swinging
Batting: RHB Félix De La Hoya 0-0: Fly out, F5 (Line Drive, 5F)
Top of the 5th over - 0 run(s), 0 hit(s), 0 error(s), 1 left on base; Put-In-Bay 0 - Hammond 1
BOTTOM OF THE 5TH
Hammond Herons batting - Pitching for Put-In-Bay BC : RHP Eddie Kop
Batting: RHB Jimmy Dawson 0-0: Ball
1-0: Ball
2-0: Swinging Strike
2-1: Foul Ball, location: 2F
2-2: Fly out, F3 (Popup, 3F)
Batting: RHB Scott Zijm 0-0: Ground out 6-3 (Groundball, 6)
Batting: RHB Miguel Rodríguez 0-0: Foul Ball, location: 2F
0-1: Hit by Pitch
Batting: RHB Jorge Reyes 0-0: Called Strike
0-1: Ball
1-1: Ball
2-1: SINGLE (Line Drive, 8RS)
Miguel Rodríguez to second
Batting: RHB António Guzmán 0-0: Ground out 6-3 (Groundball, 6)
Bottom of the 5th over - 0 run(s), 1 hit(s), 0 error(s), 2 left on base; Put-In-Bay 0 - Hammond 1
TOP OF THE 6TH
Put-In-Bay BC batting - Pitching for Hammond Herons : RHP David Gómez
Batting: RHB Jack Burton 0-0: Foul Ball, location: 2F
0-1: Ground out U3 (Groundball, 3)
Batting: LHB Arturo Rodríguez 0-0: Ball
1-0: Called Strike
1-1: Ball
2-1: Fly out, F4 (Line Drive, 4)
Batting: RHB Alfredo Martínez 0-0: Called Strike
0-1: Fly out, F9 (Flyball, 9M)
Top of the 6th over - 0 run(s), 0 hit(s), 0 error(s), 0 left on base; Put-In-Bay 0 - Hammond 1
BOTTOM OF THE 6TH
Hammond Herons batting - Pitching for Put-In-Bay BC : RHP Eddie Kop
Batting: LHB Joe Cashmore 0-0: Called Strike
0-1: Foul Ball, location: 2F
0-2: Ball
1-2: Foul Ball, location: 2F
1-2: Ball
2-2: Foul Ball, location: 2F
2-2: Ball
3-2: Foul Ball, location: 2F
3-2: Foul Ball, location: 2F
3-2: Ground out 4-3 (Groundball, 4M)
Batting: RHB Matt Love 0-0: Swinging Strike
0-1: Fly out, F8 (Line Drive, 8RS)
Batting: LHB Arturo Acevedo 0-0: Called Strike
0-1: Called Strike
0-2: Ball
1-2: Foul Ball, location: 2F
1-2: Fly out, F3 (Line Drive, 3S)
Bottom of the 6th over - 0 run(s), 0 hit(s), 0 error(s), 0 left on base; Put-In-Bay 0 - Hammond 1
TOP OF THE 7TH
Put-In-Bay BC batting - Pitching for Hammond Herons : RHP David Gómez
Batting: RHB Eddie Davis 0-0: Ball
1-0: Foul Ball, location: 2F
1-1: Swinging Strike
1-2: Strikes out looking
Batting: RHB Quincy van Enk 0-0: Foul Ball, location: 2F
0-1: Ball
1-1: Foul Ball, location: 2F
1-2: Ball
2-2: Foul Ball, location: 2F
2-2: Strikes out looking
Batting: RHB Carlos Trujillo 0-0: Swinging Strike
0-1: Foul Ball, location: 2F
0-2: Ball
1-2: Ball
2-2: Ball
3-2: Fly out, F7 (Flyball, 8LM)
Top of the 7th over - 0 run(s), 0 hit(s), 0 error(s), 0 left on base; Put-In-Bay 0 - Hammond 1
BOTTOM OF THE 7TH
Hammond Herons batting - Pitching for Put-In-Bay BC : RHP Eddie Kop
Batting: RHB Sancho Romero 0-0: Called Strike
0-1: Ball
1-1: Ball
2-1: Ball
3-1: Swinging Strike
3-2: Fly out, F8 (Flyball, 89M)
Batting: RHB Jimmy Dawson 0-0: Ball
1-0: Ball
2-0: Ball
3-0: Called Strike
3-1: Base on Balls
Pinch Hitting: RHB Edward Payne 0-0: Ball
1-0: Foul Ball, location: 2F
1-1: Ball
2-1: Ball
3-1: Base on Balls
Jimmy Dawson to second
Pinch Hitting: RHB Jorge Baker 0-0: Swinging Strike
0-1: Foul Ball, location: 2F
0-2: Ball
1-2: Strikes out looking
Pinch Hitting: RHB Jim Unknown 0-0: Called Strike
0-1: Swinging Strike
0-2: Strikes out swinging
Bottom of the 7th over - 0 run(s), 0 hit(s), 0 error(s), 2 left on base; Put-In-Bay 0 - Hammond 1
TOP OF THE 8TH
Put-In-Bay BC batting - Pitching for Hammond Herons : RHP David Gómez
Now at 2B: Felipe van Capelle
Now in CF: Brian Soto
Now in RF: Jim Unknown
Batting: RHB Rocky Cantrell 0-0: Swinging Strike
0-1: Swinging Strike
0-2: Foul Ball, location: 2F
0-2: Strikes out swinging
Batting: RHB Ken Little 0-0: Ball
1-0: Called Strike
1-1: Ball
2-1: Called Strike
2-2: Foul Ball, location: 2F
2-2: Foul Ball, location: 2F
2-2: Fly out, F9 (Flyball, 89M)
Batting: RHB Félix De La Hoya 0-0: Ground out 1-3 (Groundball, 15)
Top of the 8th over - 0 run(s), 0 hit(s), 0 error(s), 0 left on base; Put-In-Bay 0 - Hammond 1
BOTTOM OF THE 8TH
Hammond Herons batting - Pitching for Put-In-Bay BC : RHP Eddie Kop
Pitching: RHP Kyle MacRae
Batting: RHB António Guzmán 0-0: Called Strike
0-1: SINGLE (Groundball, 56D)
Batting: LHB Joe Cashmore 0-0: Ball
1-0: Called Strike
1-1: Foul Ball, location: 2F
1-2: Ball
2-2: Strikes out looking
Batting: RHB Matt Love 0-0: Ball
1-0: Ball
2-0: Grounds into double play, 6-4-3 (Groundball, 6)
Bottom of the 8th over - 0 run(s), 1 hit(s), 0 error(s), 0 left on base; Put-In-Bay 0 - Hammond 1
TOP OF THE 9TH
Put-In-Bay BC batting - Pitching for Hammond Herons : RHP David Gómez
Pinch Hitting: RHB Pil-joong Pak 0-0: Ball
1-0: Ball
2-0: Ball
3-0: Base on Balls
Pinch Hitting: LHB Alan Hardy 0-0: Ball
1-0: Sac Bunt - play at first, batter OUT! 1-3
Pil-joong Pak to second
Pinch Hitting: LHB Felipe Martínez 0-0: Called Strike
0-1: Ball
1-1: Ball
2-1: Called Strike
2-2: Ball
3-2: Foul Ball, location: 2F
3-2: Foul Ball, location: 2F
3-2: Foul Ball, location: 2F
3-2: Foul Ball, location: 2F
3-2: Base on Balls
Batting: RHB Eddie Davis 0-0: Called Strike
0-1: Ball
1-1: Foul Ball, location: 2F
1-2: Ball
2-2: Ball
3-2: Fly out, F8 (Flyball, 78M)
Batting: RHB Quincy van Enk 0-0: Called Strike
0-1: Ball
1-1: Called Strike
1-2: Ball
2-2: Fly out, F8 (Line Drive, 8RM)
Top of the 9th over - 0 run(s), 0 hit(s), 0 error(s), 2 left on base; Put-In-Bay 0 - Hammond 1
This league is powered by Out of the Park Baseball, the baseball management simulation game for PC, Mac and Linux
Friday, January 22nd, 2016 - OOTP Baseball 16.9 Build 39